cohdb
Replays
Latest Replays
All Replays
Popular Replays
Top Player Replays
Match Explorer
How It Works
Community
CoH3 Stats
Reddit
Sign in to upload your games and track your stats! →
Sign in with Steam
Match 45378249
Unlisted
Match 45378249
Overview
Messages
Build Orders
End
250 Light Carrier
Selects Panzerjäger Kommand Battlegroup
250 Light Carrier
Selects Mine Fields
Panzerpioneer Squad
Construct Light Support Kompanie
Combat Half-tracks
Selects GrB 39 Grenade Launcher Requisition
Assault Grenadier Squad
250 Light Carrier
Construct Mechanized Kompanie
Assault Mechanized Group
254 Reconnaissance Tractor
254 Reconnaissance Tractor
Selects Crew Shock Tactics
Support Armor Elements
250 Light Carrier
Marder III Tank Destroyer
Jm200092
[=M$=]Bonello10
愛宕私の妻です
gr8vibezZ
Combat Wombat
南极蹦迪
arik010
D3C0Y
0
0
Comments
sign in to comment!
No comments posted yet!